 Dungeon Crawl Stone Soup version 0.24.0-37-gcf1ca852f1 (webtiles) character file.

Game seed: 435712934069654192, levelgen mode: deterministic

140915 Belius the Fencer (level 17, -13/139 HPs)
             Began as a Formicid Abyssal Knight on Dec 5, 2019.
             Was the Champion of Lugonu.
             Shot with an arrow by a deep elf master archer (14 damage)
             ... on level 3 of the Elven Halls.
             The game lasted 01:58:29 (37893 turns).

Belius the Fencer (Formicid Abyssal Knight)        Turns: 37893, Time: 01:58:32

Health: -13/139    AC: 20    Str: 25    XL:     17   Next: 92%
Magic:  21/21      EV: 11    Int: 14    God:    Lugonu [******]
Gold:   906        SH:  0    Dex: 13    Spells: 16/16 levels left

rFire    + + .     SeeInvis +   E - +9 great sword (distort)
rCold    + . .     Gourm    .   e - +2 shield {rF+}
rNeg     + + +     Faith    .   N - +0 plate armour {rC+}
rPois    +         Spirit   .   (helmet unavailable)
rElec    .         Reflect  .   x - +0 cloak of the Morning Star {*Slow rN+++ rCorr}
rCorr    +         Harm     .   l - +0 pair of gloves {archery}
MR       ++...                  u - +0 pair of boots
Stlth    ..........             a - amulet of regeneration
HPRegen  0.73/turn              d - ring "Diasto" {rF+ EV+3}
MPRegen  0.17/turn              r - ring "Peladoff" {rPois Str+3 Dex+3}

@: confused
A: permanent stasis, dig shafts and tunnels, four strong arms, antennae 3, fangs
1, magic resistance 1, MP-powered wands
a: Dig, Shaft Self, Depart the Abyss, Bend Space, Banish, Corrupt, Enter the
Abyss, Renounce Religion


You were on level 3 of the Elven Halls.
You worshipped Lugonu.
Lugonu was exalted by your worship.
You were not hungry.

You visited 4 branches of the dungeon, and saw 26 of its levels.
You visited the Abyss 1 time.

You collected 2290 gold pieces.
You spent 1384 gold pieces at shops.

Inventory:

Hand Weapons
 C - a +4 scimitar of flaming
 E - a +9 great sword of distortion (weapon)
 F - a +4 long sword of freezing
 K - a cursed +3 great sword of freezing
 O - a +4 scimitar of holy wrath
Armour
 e - a +2 shield of fire resistance (worn)
 l - a +0 pair of gloves of archery (worn)
 p - a +2 chain mail of magic resistance
 u - a +0 pair of boots (worn)
 x - the +0 cloak of the Morning Star (worn) {*Slow rN+++ rCorr}
   (You found it on level 13 of the Dungeon)

   It renders you almost immune to negative energy.
   It provides partial protection from all sources of acid and corrosion.
   It may slow you when you take damage.
 I - a +4 chain mail of fire resistance
 N - a +0 plate armour of cold resistance (worn)
Jewellery
 a - an amulet of regeneration (around neck)
 d - the ring "Diasto" (left hand) {rF+ EV+3}
   (You bought it in a shop on level 2 of the Orcish Mines)

   [ring of evasion]

   It affects your evasion (+3).
   It protects you from fire.
 h - an uncursed ring of protection from fire
 r - the ring "Peladoff" (right hand) {rPois Str+3 Dex+3}
   (You found it on level 11 of the Dungeon)

   [ring of poison resistance]

   It affects your strength (+3).
   It affects your dexterity (+3).
   It protects you from poison.
 w - an uncursed amulet of guardian spirit
 z - a cursed ring of protection from magic
 J - an uncursed ring of flight
 R - an uncursed ring of protection from magic
 V - an uncursed ring of ice
Wands
 b - a wand of flame (50)
 G - a wand of digging (5)
 H - a wand of polymorph (17)
 M - a wand of iceblast (20)
 P - a wand of acid (5)
 U - a wand of scattershot (4)
 X - a wand of paralysis (6)
 Y - a wand of random effects (21)
Scrolls
 i - 5 scrolls of remove curse
 j - 2 scrolls of amnesia
 k - 5 scrolls of fog
 n - 3 scrolls of fear
 y - 3 scrolls of magic mapping
 L - 3 scrolls of identify
 S - a scroll of holy word
Potions
 f - 2 potions of curing
 m - 2 potions of brilliance
 o - 2 potions of magic
 q - 3 potions of mutation
 s - 3 potions of flight
 t - a potion of resistance
 v - 3 potions of cancellation
 B - 3 potions of heal wounds
Comestibles
 c - 22 rations


   Skills:
 + Level 14.1 Fighting
 + Level 19.0 Long Blades
 + Level 13.5 Armour
 - Level 1.3 Dodging
 * Level 8.4 Stealth
 + Level 14.8 Shields
 + Level 6.0 Invocations
 + Level 0.6 Evocations


You had 16 spell levels left.
You didn't know any spells.
Your spell library contained the following spells:

 Spells                   Type           Power        Failure   Level  Hunger
 Animate Skeleton         Necr           N/A          93%         1    ##.....
 Beastly Appendage        Tmut           #.....       93%         1    ##.....
 Magic Dart               Conj           #...         93%         1    ##.....
 Pain                     Necr           #...         93%         1    ##.....
 Summon Butterflies       Summ           #.......     93%         1    ##.....
 Summon Small Mammal      Summ           #...         93%         1    ##.....
 Call Imp                 Summ           #.......     98%         2    ###....
 Searing Ray              Conj           #.....       98%         2    ###....
 Sticks to Snakes         Tmut           #.......     98%         2    ###....
 Throw Flame              Conj/Fire      #.....       98%         2    ###....
 Call Canine Familiar     Summ           #.......     100%        3    ####...
 Dazzling Spray           Conj/Hex       #.....       100%        3    ####...
 Mephitic Cloud           Conj/Pois/Air  #.......     100%        3    ####...
 Regeneration             Chrm/Necr      #.........   100%        3    ####...
 Spider Form              Tmut/Pois      #.........   100%        3    ####...
 Static Discharge         Conj/Air       #.......     100%        3    ####...
 Summon Guardian Golem    Hex/Summ       #.......     100%        3    ####...
 Vampiric Draining        Necr           #.........   100%        3    ####...
 Animate Dead             Necr           N/A          100%        4    #####..
 Force Lance              Conj/Tloc      #.......     100%        4    #####..
 Fulminant Prism          Conj/Hex       #.........   100%        4    #####..
 Ice Form                 Ice/Tmut       #.......     100%        4    #####..
 Iskenderun's Mystic Bla  Conj           #.......     100%        4    #####..
 Summon Ice Beast         Ice/Summ       #.......     100%        4    #####..
 Summon Lightning Spire   Summ/Air       #.......     100%        4    #####..
 Blade Hands              Tmut           #.........   100%        5    ######.
 Bolt of Magma            Conj/Fire/Erth #.........   100%        5    ######.
 Fireball                 Conj/Fire      #.........   100%        5    ######.
 Iskenderun's Battlesphe  Conj/Chrm      #.......     100%        5    ######.
 Lightning Bolt           Conj/Air       #.........   100%        5    ######.
 Silence                  Hex/Air        #.........   100%        5    ######.
 Summon Mana Viper        Hex/Summ       #.......     100%        5    ######.
 Venom Bolt               Conj/Pois      #.........   100%        5    ######.
 Bolt of Cold             Conj/Ice       #.........   100%        6    #######
 Conjure Ball Lightning   Conj/Air       #.........   100%        6    #######
 Deflect Missiles         Chrm/Air       #.........   100%        6    #######
 Iron Shot                Conj/Erth      #.........   100%        6    #######
 Orb of Destruction       Conj           #.........   100%        7    #######
 Spellforged Servitor     Conj/Summ      #.........   100%        7    #######
 Summon Hydra             Summ           #.........   100%        7    #######
 Ignition                 Fire           #.........   100%        8    #######
 Shatter                  Erth           #.........   100%        9    #######
 Tornado                  Air            #.........   100%        9    #######


Dungeon Overview and Level Annotations

Branches:
Dungeon (15/15)            Temple (0/1) D:6            Lair (6/6) D:10
  Swamp (0/4) Lair:4        Snake (0/4) Lair:3        Slime (0/5) Lair:6
    Orc (2/2) D:11            Elf (3/3) Orc:2        Vaults (0/5) D:13
 Depths (0/5) D:15

Altars:
Cheibriados
Elyvilon
Fedhas
Hepliaklqana
Kikubaaqudgha
Nemelex Xobeh
Ru
Sif Muna
Trog
Uskayaw
Vehumet
Wu Jian
Xom
Yredelemnul
The Shining One
Beogh

Shops:
D:4 *   D:7 *   D:14 (   Orc:2 [=(*   Elf:2 %

Annotations:
Lair:1 Nergalle
Abyss:1 Urug


Innate Abilities, Weirdness & Mutations

You cannot be hasted, slowed, berserked, paralysed or teleported.
You can dig through walls and to a lower floor.
Your four strong arms can wield two-handed weapons with a shield.
You have a pair of large antennae on your head. (SInv)
You have very sharp teeth.
You are resistant to hostile enchantments. (MR+)
You expend magic power (3 MP) to strengthen your wands.


Message History

You dig through the rock wall.
Unknown command.
Okay, then.
Okay, then.
You are confused.
You feel invigorated.
The deep elf master archer shoots an arrow.
The arrow completely misses you.
You retract your mandibles.
You barely miss the deep elf master archer.
The deep elf master archer shoots an arrow.
The arrow hits you!!
* * * LOW HITPOINT WARNING * * *
You bump into the rock wall.
The deep elf master archer shoots an arrow.
The arrow hits you!!
* * * LOW HITPOINT WARNING * * *
The deep elf master archer shoots an arrow.
The arrow hits you!
You die...

### ##### ### ##@# #...#
##.## #e####..)### ##...##
##.#.#..().# ##.....##
##.#.###..#
##.......####.##....#.#
#....8.....###.#.)..#### ##
##.......#.....(...{.e.###.#
##.....##############..#..#
######'#...## ##...#


You could see a deep elf master archer.

Vanquished Creatures
  Saint Roka (Orc:2)
  2 deep elf blademasters
  2 deep elf elementalists
  An orc warlord (Orc:2)
  Aizul (Elf:2)
  3 deep elf demonologists (Elf:3)
  3 deep elf annihilators
  A deep elf death mage (Elf:3)
  2 ettins (Orc:2)
  2 ogre magi (D:13)
  A vault guard (D:13)
  Harold (D:8)
  6 centaur warriors
  A catoblepas (D:13)
  Erica (D:9)
  4 hydras
  17 dancing weapons
  A death knight (D:10)
  4 death yaks
  9 two-headed ogres
  4 orc high priests
  11 deep elf knights
  An unseen horror (D:9)
  Pikel (D:8)
  7 orc knights
  A lindwurm (Lair:6)
  4 deep elf archers
  5 ugly things
  A necromancer (D:15)
  A wolf spider zombie (D:14)
  5 cyclopes
  A stone giant zombie (D:15)
  7 orc sorcerers
  31 deep elf magi
  2 black mambas (Lair:3)
  3 centaur zombies
  Psyche (D:11)
  4 elephants
  3 gargoyles
  A torpor snail (Lair:4)
  13 spiny frogs
  A rime drake (Lair:1)
  A yaktaur zombie (D:15)
  An efreet (D:15)
  12 komodo dragons
  2 kobold demonologists (D:10)
  A guardian mummy (D:15)
  5 trolls
  3 tengu conjurers
  5 polar bears
  5 hornets
  6 slime creatures (D:12)
  2 blink frogs (Lair:2)
  An ice dragon zombie (D:15)
  A spriggan zombie (D:15)
  14 dream sheep (Lair:6)
  10 hippogriffs
  2 shadows
  An air elemental (Elf:1)
  13 spriggans (Lair:6)
  2 wraiths
  A vampire (D:11)
  Sigmund (D:3)
  5 wyverns
  18 yaks
  3 hungry ghosts
  A fire elemental (Elf:3)
  A vampire mosquito (D:10)
  2 basilisks
  4 wargs
  A swamp worm (Lair:4)
  A soldier ant (D:13)
  An acid dragon (D:8)
  16 water moccasins
  6 porcupines
  3 black bears (Lair:6)
  4 sky beasts
  5 ice beasts
  33 orc warriors
  3 phantoms
  5 boggarts
  11 ogres
  2 hornet zombies
  A necrophage (D:7)
  24 wolves
  An eye of draining (D:12)
  5 centaurs
  8 crocodiles
  3 big kobolds
  16 bullfrogs
  A gnoll sergeant (D:12)
  An earth elemental (Elf:2)
  A wyvern zombie (D:12)
  A wyvern skeleton (D:11)
  9 scorpions
  A water moccasin skeleton (D:11)
  10 killer bees
  22 wights
  2 howler monkeys
  10 crimson imps
  5 quasits
  3 bullfrog zombies
  3 centaur skeletons
  A gnoll shaman (Orc:1)
  3 hounds
  18 orc priests
  Crazy Yiuf (D:2)
  19 jellies
  21 orc wizards
  A bullfrog skeleton (D:12)
  Natasha (thrice) (D:2)
  5 iguanas
  13 worker ants
  2 killer bee zombies
  3 hound zombies
  A hound skeleton (D:6)
  A mummy (D:7)
  A worker ant zombie (D:6)
  19 gnolls
  2 river rats (D:4)
  17 adders
  A howler monkey skeleton (D:6)
  3 shadow imps
  7 oozes
  4 adder skeletons
  2 adder zombies (D:7)
  9 worms
  5 dart slugs
  2 leopard geckos (D:2)
  83 orcs
  9 goblins
  9 hobgoblins
  7 jackals
  6 quokkas
  3 ball pythons
  6 bats
  21 kobolds
  3 quokka skeletons
  A quokka zombie (D:7)
  12 rats
  A fungus (Elf:2)
  A plant (Lair:6)
838 creatures vanquished.

Vanquished Creatures (others)
  2 orc warlords
  A hydra (Lair:4)
  A dancing weapon (Elf:2)
  A skeletal warrior (D:15)
  A deep elf knight (Elf:2)
  An ugly thing (D:15)
  A phantasmal warrior (D:15)
  3 black mambas
  2 spiny frogs
  2 komodo dragons
  A troll (Orc:1)
  A blink frog (Lair:2)
  2 hippogriffs
  A yak (D:14)
  2 orc warriors
  4 slaves (D:8)
  3 wolves
  3 crocodiles
  A bullfrog (D:15)
  2 orc wizards (Orc:1)
  5 fungi
  4 plants
  4 withered plants (D:15)
48 creatures vanquished.

Grand Total: 886 creatures vanquished

Notes
Turn   | Place    | Note
-------+----------+-------------------------------------------
     0 | Abyss:1  | Belius the Formicid Abyssal Knight began the quest for the
                  | Orb.
     0 | Abyss:1  | Reached XP level 1. HP: 18/18 MP: 2/2
   140 | Abyss:1  | Noticed a worldbinder
   142 | Abyss:1  | Noticed a warg
   142 | Abyss:1  | Noticed an orc priest
   144 | Abyss:1  | Noticed an orc priest
   149 | D:1      | Escaped the Abyss
   457 | D:1      | Reached XP level 2. HP: 15/24 MP: 3/3
   674 | D:1      | Reached skill level 1 in Dodging
   781 | D:1      | Reached * piety under Lugonu
   935 | D:1      | Reached XP level 3. HP: 25/30 MP: 4/4
  1808 | D:2      | Found a glowing golden altar of the Shining One.
  1880 | D:2      | Reached XP level 4. HP: 33/37 MP: 5/5
  2142 | D:2      | Noticed Natasha
  2154 | D:2      | Killed Natasha
  2154 | D:2      | Reached skill level 3 in Long Blades
  2154 | D:2      | Reached XP level 5. HP: 28/42 MP: 6/6
  2322 | D:2      | Found a runed translucent door.
  2323 | D:2      | Noticed Crazy Yiuf
  2342 | D:2      | Killed Crazy Yiuf
  2658 | D:2      | Found a basalt altar of Yredelemnul.
  2804 | D:2      | Noticed Natasha
  2817 | D:2      | Killed Natasha
  2817 | D:2      | Reached skill level 4 in Long Blades
  2910 | D:2      | Noticed Natasha
  2923 | D:2      | Killed Natasha
  2923 | D:2      | Reached XP level 6. HP: 37/49 MP: 7/7
  3065 | D:3      | Noticed Sigmund
  3139 | D:3      | Killed Sigmund
  3248 | D:3      | Noticed a moth of wrath
  3251 | D:3      | Found a bloodstained altar of Trog.
  3392 | D:3      | Reached XP level 7. HP: 53/55 MP: 8/8
  3515 | D:3      | Reached ** piety under Lugonu
  3523 | D:3      | Reached skill level 5 in Long Blades
  4462 | D:4      | Reached skill level 5 in Fighting
  4580 | D:4      | Found Nijadil's Assorted Antiques.
  4599 | D:4      | Found a radiant altar of Vehumet.
  4664 | D:4      | Found a sacrificial altar of Ru.
  4881 | D:4      | Found an ornate altar of the Wu Jian Council.
  5358 | D:4      | Bought a runed shield for 180 gold pieces
  5358 | D:4      | Bought a glowing red potion for 21 gold pieces
  5738 | D:5      | Entered Level 5 of the Dungeon
  6030 | D:5      | Reached skill level 5 in Armour
  6356 | D:5      | Reached skill level 1 in Shields
  6356 | D:5      | Reached XP level 8. HP: 44/63 MP: 9/9
  6881 | D:5      | Reached skill level 6 in Long Blades
  7848 | D:6      | Reached *** piety under Lugonu
  7875 | D:6      | Found a staircase to the Ecumenical Temple.
  8231 | D:6      | Reached XP level 9. HP: 58/69 MP: 10/10
  8398 | D:6      | Reached skill level 7 in Long Blades
  8410 | D:6      | Reached skill level 1 in Stealth
  8439 | D:6      | Found a blossoming altar of Fedhas.
  8659 | D:6      | Found a shimmering blue altar of Sif Muna.
  8662 | D:6      | Found a bloodstained altar of Trog.
  8665 | D:6      | Found a shimmering altar of Xom.
  8897 | D:6      | Found a sparkling altar of Nemelex Xobeh.
  8898 | D:6      | Found an ancient bone altar of Kikubaaqudgha.
  9387 | D:7      | Found Ucimumiu's General Store.
  9390 | D:7      | Bought a potion of might for 44 gold pieces
  9408 | D:7      | Found a snail-covered altar of Cheibriados.
  9475 | D:7      | Reached skill level 8 in Long Blades
  9555 | D:7      | Reached **** piety under Lugonu
  9555 | D:7      | Reached skill level 5 in Shields
 10296 | D:7      | Reached XP level 10. HP: 56/77 MP: 11/11
 10532 | D:7      | Found a shimmering altar of Xom.
 10938 | D:8      | Reached skill level 9 in Long Blades
 10986 | D:8      | Noticed a two-headed ogre
 10986 | D:8      | Noticed Pikel
 10997 | D:8      | Noticed a two-headed ogre
 11017 | D:8      | Killed Pikel
 11019 | D:8      | Noticed Harold
 11043 | D:8      | Found a white marble altar of Elyvilon.
 11289 | D:8      | Found a hazy altar of Hepliaklqana.
 12082 | D:9      | Noticed a +0 dagger
 12082 | D:9      | Noticed a +0 dagger
 12083 | D:9      | Found a hide-covered altar of Uskayaw.
 12595 | D:9      | Reached skill level 5 in Stealth
 12946 | D:10     | Entered Level 10 of the Dungeon
 12947 | D:10     | Found a staircase to the Lair.
 12947 | D:10     | Noticed an elephant
 12947 | D:10     | Noticed an unseen horror
 13177 | D:10     | Noticed a two-headed ogre
 13178 | D:10     | Noticed Erica
 13204 | D:9      | Killed Erica
 13204 | D:9      | Reached skill level 10 in Long Blades
 13204 | D:9      | Reached XP level 11. HP: 54/84 MP: 11/13
 13510 | D:9      | Killed an elephant
 13943 | D:9      | Killed an unseen horror
 14332 | D:10     | Killed a two-headed ogre
 14559 | D:10     | Noticed a two-headed ogre
 14559 | D:10     | Noticed an orc knight
 14559 | D:10     | Noticed a centaur warrior
 14564 | D:10     | Noticed a death knight
 14587 | D:10     | Reached ***** piety under Lugonu
 14600 | D:10     | Killed a centaur warrior
 15350 | D:9      | Killed an orc knight
 15350 | D:9      | Reached skill level 11 in Long Blades
 15661 | D:11     | Found a staircase to the Orcish Mines.
 15773 | D:11     | Reached XP level 12. HP: 58/94 MP: 14/14
 15829 | D:11     | Noticed a centaur warrior
 16574 | D:10     | Killed a centaur warrior
 16760 | D:11     | Gained mutation: You are clumsy. (Dex -2) [potion of
                  | mutation]
 16760 | D:11     | Gained mutation: You are weak. (Str -2) [potion of
                  | mutation]
 16760 | D:11     | Gained mutation: You are resistant to hostile enchantments.
                  | (MR+) [potion of mutation]
 16761 | D:11     | Lost mutation: You are weak. (Str -2) [potion of mutation]
 16761 | D:11     | Lost mutation: You are resistant to hostile enchantments.
                  | (MR+) [potion of mutation]
 16761 | D:11     | Lost mutation: You are clumsy. (Dex -2) [potion of
                  | mutation]
 16761 | D:11     | Gained mutation: You have very sharp teeth. [potion of
                  | mutation]
 16761 | D:11     | Gained mutation: You are resistant to hostile enchantments.
                  | (MR+) [potion of mutation]
 16761 | D:11     | Gained mutation: You expend magic power (3 MP) to
                  | strengthen your wands. [potion of mutation]
 17111 | D:11     | HP: 3/94 [killer bee (4)]
 17495 | D:11     | Noticed Psyche
 17510 | D:11     | Killed Psyche
 17514 | D:11     | Got a translucent ivory ring
 17517 | D:11     | Identified the ring "Peladoff" {rPois Str+3 Dex+3} (You
                  | found it on level 11 of the Dungeon)
 18400 | D:12     | Noticed a two-headed ogre
 18432 | D:12     | Killed a two-headed ogre
 18432 | D:12     | Reached skill level 12 in Long Blades
 18441 | D:12     | Reached skill level 5 in Invocations
 19622 | D:13     | Found a transporter.
 19640 | D:13     | Reached XP level 13. HP: 101/101 MP: 17/17
 19658 | D:13     | Reached skill level 10 in Shields
 19894 | D:13     | Found a transporter.
 19921 | D:13     | Noticed a catoblepas
 20245 | D:13     | Noticed a centaur warrior
 20254 | D:13     | Killed a centaur warrior
 20254 | D:13     | Reached skill level 10 in Armour
 20266 | D:13     | Noticed an orc warlord
 20595 | D:13     | Killed a catoblepas
 20663 | D:13     | Noticed an ogre mage
 20888 | D:13     | Reached skill level 13 in Long Blades
 20927 | D:13     | Found a gate to the Vaults.
 20927 | D:13     | Noticed a vault guard
 20959 | D:13     | Killed a vault guard
 21119 | D:13     | Noticed an ogre mage
 21173 | D:13     | Reached ****** piety under Lugonu
 21329 | D:14     | Identified a +7 great sword of distortion (a +5 great sword
                  | corrupted by Lugonu)
 21329 | D:14     | Received a gift from Lugonu
 23420 | D:8      | Killed Harold
 23420 | D:8      | Reached skill level 10 in Fighting
 23561 | Orc:1    | Entered Level 1 of the Orcish Mines
 23668 | D:14     | You fall into a shaft and drop 1 floor!
 23668 | D:15     | Entered Level 15 of the Dungeon
 23842 | D:15     | Noticed a centaur warrior
 23849 | D:15     | Killed a centaur warrior
 23861 | D:15     | Noticed a centaur warrior
 23865 | D:15     | Killed a centaur warrior
 23886 | D:15     | Noticed a centaur warrior
 23910 | D:15     | Reached skill level 14 in Long Blades
 23913 | D:15     | Reached XP level 14. HP: 61/110 MP: 18/18
 24312 | D:15     | Found a staircase to the Depths.
 24818 | D:14     | Found Tanoit's Antique Weapon Shop.
 25632 | D:13     | Identified the +9 hunting sling of Fesiumue {venom, *Drain
                  | rElec Int+2}
 25740 | Orc:1    | Noticed an orc warlord
 25947 | Orc:1    | Found a roughly hewn altar of Beogh.
 26164 | Orc:2    | Entered Level 2 of the Orcish Mines
 26188 | Orc:2    | Reached skill level 15 in Long Blades
 26345 | Orc:2    | Noticed Saint Roka
 26414 | Orc:2    | Killed Saint Roka
 26611 | Orc:2    | Found a roughly hewn altar of Beogh.
 26792 | Orc:2    | Found Puineum's Jewellery Shoppe.
 26816 | Orc:2    | Found Cituw's General Store.
 26828 | Orc:2    | Bought the ring "Diasto" {rF+ EV+3} for 595 gold pieces
 26841 | Orc:2    | Found Erytz's Antique Weapon Shoppe.
 26981 | Orc:2    | Reached XP level 15. HP: 95/118 MP: 19/19
 27063 | Orc:2    | Found Canehim's Antique Armour Shoppe.
 27073 | Orc:2    | Bought a pair of embroidered gloves for 240 gold pieces
 27349 | Orc:2    | Noticed an orc warlord
 27481 | Orc:2    | Killed an orc warlord
 27735 | Orc:2    | Found a staircase to the Elven Halls.
 27909 | Orc:2    | Reached skill level 16 in Long Blades
 28269 | Orc:1    | Banished an orc warlord
 28404 | Orc:2    | Bought a jasper-encrusted chain mail for 304 gold pieces
 28414 | Orc:2    | Identified the +3 chain mail "Fyug" {*Corrode rF++ Str-4
                  | Dex+8} (You bought it in a shop on level 2 of the Orcish
                  | Mines)
 28621 | Lair:1   | Entered Level 1 of the Lair of Beasts
 28856 | Lair:1   | Noticed Nergalle
 30262 | Lair:3   | Found a staircase to the Snake Pit.
 31010 | Lair:4   | Noticed Urug
 31091 | Lair:4   | Banished Urug
 31243 | Lair:4   | Found the +8 whip "Snakebite" {curare, rPois}
 31772 | Lair:4   | Found a staircase to the Swamp.
 32115 | Lair:5   | Got a faintly glowing falchion
 32120 | Lair:5   | Identified the cursed +1 falchion "Liemaxoi" {slice, rPois
                  | rN+} (You found it on level 5 of the Lair of Beasts)
 32239 | Lair:5   | Reached skill level 17 in Long Blades
 32242 | Lair:5   | Reached XP level 16. HP: 121/128 MP: 20/20
 33008 | Lair:6   | Entered Level 6 of the Lair of Beasts
 33213 | Lair:6   | Found a staircase to the Slime Pits.
 34483 | D:13     | Found a roughly hewn altar of Beogh.
 34596 | D:13     | Got a bloodstained cloak
 34613 | D:13     | Identified the cursed +0 cloak of the Morning Star {*Slow
                  | rN+++ rCorr} (You found it on level 13 of the Dungeon)
 34840 | Elf:1    | Entered Level 1 of the Elven Halls
 34862 | Elf:1    | Reached skill level 18 in Long Blades
 35089 | Elf:1    | Identified Curugiall's Reference Book on Arcane Weapons
 35330 | Elf:1    | You fall into a shaft and drop 1 floor!
 35339 | Elf:2    | Noticed a deep elf blademaster
 35346 | Elf:2    | Reached XP level 17. HP: 85/137 MP: 2/21
 35375 | Elf:2    | Killed a deep elf blademaster
 35522 | Elf:2    | Found a huge runed translucent gate.
 35523 | Elf:2    | Found a huge runed translucent gate.
 35524 | Elf:2    | Found a huge runed translucent gate.
 35525 | Elf:2    | Found a huge runed translucent gate.
 35526 | Elf:2    | Found a huge runed translucent gate.
 36127 | Elf:2    | Noticed Aizul
 36655 | Elf:2    | Found Xyok's Food Shop.
 37255 | Elf:2    | Killed Aizul
 37397 | Elf:3    | Entered Level 3 of the Elven Halls
 37689 | Elf:3    | Reached skill level 19 in Long Blades
 37858 | Elf:3    | Noticed a deep elf blademaster
 37879 | Elf:3    | Killed a deep elf blademaster
 37880 | Elf:3    | Noticed a deep elf master archer
 37893 | Elf:3    | HP: 1/139 [deep elf master archer/arrow (33)]
 37893 | Elf:3    | Shot with an arrow by a deep elf master archer

Levels and vault maps discovered:
D:1:      ncdulo_watergridlock, layout_basic, minivault_25,
          minmay_misc_feat_columns
D:2:      layout_basic, tso_metal_star, lemuel_round_altar, uniq_natasha,
          uniq_crazy_yiuf_cottage
D:3:      cheibrodos_greedy_goblins, layout_loops_ring, tgw_trog, uniq_sigmund
D:4:      layout_loops_ring, kennysheep_mini_moat,
          nicolae_overflow_hidden_temple, nicolae_overflow_crystal_walls,
          lightli_sewer_entry_pipes, first_ration, serial_shops, shop
D:5:      layout_gridville
D:6:      layout_loops_ring, gammafunk_temple_overflow_statue,
          grunt_temple_overflow_diamond, minmay_temple_entry_hall, basic_altar
D:7:      layout_layer_cave, kennysheep_little_box, serial_undead,
          serial_undead_d, serial_undead_b, serial_undead_b, serial_undead_e,
          serial_undead_c, serial_undead_a, serial_shops,
          nicolae_shop_behind_doors, basic_altar
D:8:      layout_loops_cross, kennysheep_mini, basic_altar, uniq_harold,
          uniq_pikel
D:9:      layout_basic, dancing_weapons_uskayaw, hangedman_little_slice_of_home
D:10:     layout_rooms, david_lair_generic, minivault_28, uniq_erica
D:11:     layout_irregular_city, david_orc_2, minmay_joined_circles, uniq_psyche
D:12:     layout_roguey
D:13:     gammafunk_beogh_shrine, layout_rooms, david_vaults_5
D:14:     layout_grid_maze, serial_shops, nicolae_shop_behind_doors
D:15:     gammafunk_depths_entry_grave, layout_cave_pools,
          roderic_cross_of_infinity, gauntlet_entry_generic
Lair:1:   layout_misc_corridors, chequers_serial_rivers_micro_e, uniq_nergalle
Lair:2:   layout_cave_pods, beast_lair_carwin_3
Lair:3:   layout_roguey, minmay_snake_entry_six_corridors, beast_lair_carwin_8
Lair:4:   layout_cave_pods, palyth_hydra_swamp_entry, uniq_urug
Lair:5:   layout_regular_city, chequers_serial_rivers_micro_b, lemuel_fruit_tree
Lair:6:   minmay_lair_end_enchanted_forest, layout_gridlike,
          minmay_slime_entry_jelly_boxes
Orc:1:    layout_caves, mines1_david
Orc:2:    grunt_orc_cross, layout_caves, nicolae_orc_sculptors_studio,
          elf_legates
Elf:1:    layout_onion_city, serial_shops, shop, minmay_elf_annihilation
Elf:2:    layout_geoelf_octagon, serial_shops, shop,
          infiniplex_enter_wizlab_spiral, nicolae_elf_big_sculpture_2,
          uniq_aizul
Elf:3:    elf_hall_gauntlet_narrow, layout_geoelf_octagon, corner_web_ring,
          grunt_ministairs_2, fountainhead, minmay_shoptagon

Skill      XL: |  1  2  3  4  5  6  7  8  9 10 11 12 13 14 15 16 17 |
---------------+----------------------------------------------------+-----
Dodging        | 1 |  1.3
Fighting       | 4 5 6 7 8 9 10 11 12 13 14 | 14.1
Long Blades    | 3 4 5 6 8 10 11 12 14 15 17 18 19 | 19.0
Armour         | 3 4 5 6 8 9 11 12 13 | 13.5
Shields        | 1 3 5 7 8 9 11 12 13 14 | 14.8
Stealth        | 2 5 7 8 |  8.4
Invocations    | 5 6 |  6.0
Evocations     | |  0.6

Action                   |  1- 3 |  4- 6 |  7- 9 | 10-12 | 13-15 | 16-18 || total
-------------------------+-------+-------+-------+-------+-------+-------++-------
Melee: Falchion          |    84 |   166 |   858 |   100 |       |       ||  1208
       Great sword       |       |       |       |   703 |  1041 |   707 ||  2451
       Bite              |       |       |       |    37 |   140 |    87 ||   264
Invok: Depart the Abyss  |     1 |       |       |       |       |       ||     1
       Bend Space        |       |       |     1 |     6 |       |       ||     7
       Brand Weapon With |       |       |       |       |     1 |       ||     1
 Abil: Dig               |     1 |       |    17 |    16 |    41 |    21 ||    96
Evoke: Wand              |       |       |       |       |       |     3 ||     3
  Use: Potion            |     1 |     4 |     3 |    11 |     2 |    10 ||    31
       Scroll            |       |     4 |     6 |    11 |    10 |     6 ||    37
  Eat: Chunk             |     2 |     5 |    12 |    17 |    34 |     9 ||    79
       Ration            |       |     1 |     3 |     6 |     3 |     4 ||    17
Armor: Ring mail         |    39 |       |       |       |       |       ||    39
       Chain mail        |     4 |    67 |   333 |   175 |   122 |    72 ||   773
       Skin              |       |    30 |     9 |    25 |       |       ||    64
       Plate armour      |       |       |       |   211 |   137 |   128 ||   476
Dodge: Dodged            |    48 |    52 |   182 |   191 |   200 |   171 ||   844
Block: Shield            |       |       |   263 |   575 |   557 |   403 ||  1798
       Rpst.: Falchion   |    15 |    15 |    73 |     4 |       |       ||   107
       Great sword       |       |       |       |    45 |    56 |    43 ||   144
